3L
THUNDER BAY NORTHERN LIONS BC @ KINGSTON TOWNSHIP LEGION 9
07/17/2018
 
TOP OF THE 1ST
Thunder Bay Northern Lions BC batting - Pitching for Kingston Township Legion 9 : RHP Bartolo González
Pitching: RHP Bartolo González
Batting: SHB Arnold Griffith 0-0: Called Strike
0-1: Foul Ball, location: 2F
0-2: Ball
1-2: Strikes out swinging
Batting: LHB David Smith 0-0: Ball
1-0: DOUBLE (Flyball, 8RXD)
Batting: RHB Duncan Thomas 0-0: Ball
1-0: Foul Ball, location: 2F
1-1: Foul Ball, location: 2F
1-2: Strikes out swinging
Batting: LHB Theodore Shaw 0-0: Foul Ball, location: 2F
0-1: Called Strike
0-2: Ball
1-2: Ground out 3-1 (Groundball, 34S)
Top of the 1st over - 0 run(s), 1 hit(s), 0 error(s), 1 left on base; Thunder Bay 0 - Kingston Township 0
BOTTOM OF THE 1ST
Kingston Township Legion 9 batting - Pitching for Thunder Bay Northern Lions BC : RHP Makoto Kato
Pitching: RHP Makoto Kato
Batting: RHB António Varela 0-0: Ball
1-0: Called Strike
1-1: Ball
2-1: Ball
3-1: Called Strike
3-2: Base on Balls
Batting: RHB Juan López 0-0: Fly out, F7 (Flyball, 7LMF)
Batting: LHB Clay Rush 0-0: Ball
1-0: Ball
2-0: Ball
3-0: Called Strike
3-1: Foul Ball, location: 2F
3-2: Foul Ball, location: 2F
3-2: Fly out, F8 (Flyball, 8RM)
Batting: RHB Akihiko Oike 0-0: Ball
1-0: SINGLE (Line Drive, 8LS)
António Varela to second
Runner from 2nd tries for 3rd, SAFE, throw made to third
Akihiko Oike to second
Batting: LHB John Holbrook 0-0: Ball
1-0: Called Strike
1-1: Ball
2-1: Ball
3-1: Called Strike
3-2: Foul Ball, location: 2F
3-2: Strikes out swinging
Bottom of the 1st over - 0 run(s), 1 hit(s), 0 error(s), 2 left on base; Thunder Bay 0 - Kingston Township 0
TOP OF THE 2ND
Thunder Bay Northern Lions BC batting - Pitching for Kingston Township Legion 9 : RHP Bartolo González
Batting: RHB Keith Burnett 0-0: Ball
1-0: Swinging Strike
1-1: Ball
2-1: Swinging Strike
2-2: Ball
3-2: SINGLE (Flyball, 7LS)
Batting: RHB Vernon Caw 0-0: TRIPLE (Line Drive, 3L)
Keith Burnett scores
Batting: RHB Jason Wise 0-0: Ball
1-0: Ball
2-0: Called Strike
2-1: Ground out 5-3 (Groundball, 5S)
Batting: LHB John Brewer 0-0: Ball
1-0: Foul Ball, location: 2F
1-1: Called Strike
1-2: Foul Ball, location: 2F
1-2: SINGLE (Line Drive, 8LS)
Vernon Caw scores
Batting: RHB Makoto Kato 0-0: Bunt missed!
0-1: Ball
1-1: Bunted foul
1-2: Bunt missed, Strikeout!
Batting: SHB Arnold Griffith 0-0: Called Strike
0-1: Hit by Pitch
John Brewer to second
Batting: LHB David Smith 0-0: SINGLE (Groundball, 4M)
John Brewer to third
Arnold Griffith to second
Runner from 3rd tries for Home, SAFE, no throw or cutoff
Batting: RHB Duncan Thomas 0-0: Foul Ball, location: 2F
0-1: Swinging Strike
0-2: Strikes out looking
Top of the 2nd over - 3 run(s), 4 hit(s), 0 error(s), 2 left on base; Thunder Bay 3 - Kingston Township 0
BOTTOM OF THE 2ND
Kingston Township Legion 9 batting - Pitching for Thunder Bay Northern Lions BC : RHP Makoto Kato
Batting: SHB Javier Ramos 0-0: Called Strike
0-1: Ball
1-1: SINGLE (Groundball, 4MD)
Batting: LHB Wayne Harrison 0-0: Ball
1-0: Ball
2-0: Called Strike
2-1: Foul Ball, location: 2F
2-2: Ball
3-2: Fielders Choice at 2nd, 1-6 (Groundball, 13S)
Batting: LHB Royce Smith 0-0: DOUBLE (Flyball, 8RM)
Wayne Harrison to third
Runner from 3rd tries for Home, SAFE, throw made home
Batting: RHB Bartolo González 0-0: Swinging Strike
0-1: Sac Bunt - play at third, runner OUT! 3-5
Batting: RHB António Varela 0-0: Fielders Choice at 2nd, U6 (Groundball, 6M)
Bottom of the 2nd over - 1 run(s), 2 hit(s), 0 error(s), 1 left on base; Thunder Bay 3 - Kingston Township 1
TOP OF THE 3RD
Thunder Bay Northern Lions BC batting - Pitching for Kingston Township Legion 9 : RHP Bartolo González
Batting: LHB Theodore Shaw 0-0: Ball
1-0: Fly out, F7 (Line Drive, 7M)
Batting: RHB Keith Burnett 0-0: Ball
1-0: Ball
2-0: Foul Ball, location: 2F
2-1: Foul Ball, location: 2F
2-2: Ball
3-2: Base on Balls
Batting: RHB Vernon Caw 0-0: Ball
1-0: Called Strike
1-1: Fly out, F8 (Flyball, 89M)
Batting: RHB Jason Wise 0-0: Ball
1-0: Called Strike
1-1: Swinging Strike
1-2: Ball
2-2: Ball
3-2: Strikes out swinging
Top of the 3rd over - 0 run(s), 0 hit(s), 0 error(s), 1 left on base; Thunder Bay 3 - Kingston Township 1
BOTTOM OF THE 3RD
Kingston Township Legion 9 batting - Pitching for Thunder Bay Northern Lions BC : RHP Makoto Kato
Batting: RHB Juan López 0-0: Called Strike
0-1: Called Strike
0-2: Foul Ball, location: 2F
0-2: Foul Ball, location: 2F
0-2: Ball
1-2: Strikes out swinging
Batting: LHB Clay Rush 0-0: Ball
1-0: Swinging Strike
1-1: Ball
2-1: Fly out, F7 (Flyball, 7S)
Batting: RHB Akihiko Oike 0-0: Called Strike
0-1: Ball
1-1: Ball
2-1: Foul Ball, location: 2F
2-2: SINGLE (Line Drive, 78M)
Batting: LHB John Holbrook 0-0: Fielders Choice at 2nd, U6 (Groundball, 6M)
Bottom of the 3rd over - 0 run(s), 1 hit(s), 0 error(s), 1 left on base; Thunder Bay 3 - Kingston Township 1
TOP OF THE 4TH
Thunder Bay Northern Lions BC batting - Pitching for Kingston Township Legion 9 : RHP Bartolo González
Batting: LHB John Brewer 0-0: Ball
1-0: DOUBLE (Groundball, 3L)
Batting: RHB Makoto Kato 0-0: Ball
1-0: Sac Bunt - play at third, runner OUT! 1-5
Batting: SHB Arnold Griffith 0-0: Called Strike
0-1: Ball
1-1: Foul Ball, location: 2F
1-2: Foul Ball, location: 2F
1-2: Strikes out looking
Batting: LHB David Smith 0-0: Foul Ball, location: 2F
0-1: Swinging Strike
0-2: Ball
1-2: Foul Ball, location: 2F
1-2: Foul Ball, location: 2F
1-2: Foul Ball, location: 2F
1-2: Ball
2-2: Fly out, F7 (Flyball, 78D)
Top of the 4th over - 0 run(s), 1 hit(s), 0 error(s), 1 left on base; Thunder Bay 3 - Kingston Township 1
BOTTOM OF THE 4TH
Kingston Township Legion 9 batting - Pitching for Thunder Bay Northern Lions BC : RHP Makoto Kato
Batting: SHB Javier Ramos 0-0: Foul Ball, location: 2F
0-1: Ball
1-1: Ball
2-1: Ball
3-1: Foul Ball, location: 2F
3-2: Base on Balls
Batting: LHB Wayne Harrison 0-0: Called Strike
0-1: Ball
1-1: Called Strike
1-2: Foul Ball, location: 2F
1-2: Foul Ball, location: 2F
1-2: Ball
2-2: Strikes out swinging
Batting: LHB Royce Smith 0-0: Ball
1-0: Ball
Wild Pitch!
Javier Ramos to second
2-0: SINGLE (Groundball, 5D)
Javier Ramos to third
Batting: RHB Bartolo González 0-0: Ball
1-0: Sac Bunt - play at first, batter OUT! 1-4
Royce Smith to second
Batting: RHB António Varela 0-0: Called Strike
0-1: Ball
1-1: Foul Ball, location: 2F
1-2: Foul Ball, location: 2F
1-2: Strikes out swinging
Bottom of the 4th over - 0 run(s), 1 hit(s), 0 error(s), 2 left on base; Thunder Bay 3 - Kingston Township 1
TOP OF THE 5TH
Thunder Bay Northern Lions BC batting - Pitching for Kingston Township Legion 9 : RHP Bartolo González
Batting: RHB Duncan Thomas 0-0: Ball
1-0: Swinging Strike
1-1: Ground out 5-3 (Groundball, 6)
Batting: LHB Theodore Shaw 0-0: Ball
1-0: Foul Ball, location: 2F
1-1: Ball
2-1: SINGLE (Groundball, 4MD) (infield hit)
Batting: RHB Keith Burnett 0-0: Called Strike
0-1: Ball
1-1: Ball
2-1: Called Strike
2-2: Strikes out looking
Batting: RHB Vernon Caw 0-0: Called Strike
0-1: Ground out 5-3 (Groundball, 5S)
Top of the 5th over - 0 run(s), 1 hit(s), 0 error(s), 1 left on base; Thunder Bay 3 - Kingston Township 1
BOTTOM OF THE 5TH
Kingston Township Legion 9 batting - Pitching for Thunder Bay Northern Lions BC : RHP Makoto Kato
Batting: RHB Juan López 0-0: Ball
1-0: Called Strike
1-1: Ball
2-1: Ball
3-1: Called Strike
3-2: Strikes out looking
Batting: LHB Clay Rush 0-0: Ball
1-0: Ground out 3-1 (Groundball, 34S)
Batting: RHB Akihiko Oike 0-0: Ball
1-0: Ball
2-0: Called Strike
2-1: Ball
3-1: Foul Ball, location: 2F
3-2: Strikes out looking
Bottom of the 5th over - 0 run(s), 0 hit(s), 0 error(s), 0 left on base; Thunder Bay 3 - Kingston Township 1
TOP OF THE 6TH
Thunder Bay Northern Lions BC batting - Pitching for Kingston Township Legion 9 : RHP Bartolo González
Batting: RHB Jason Wise 0-0: Called Strike
0-1: Ball
1-1: Ball
2-1: Called Strike
2-2: Fly out, F3 (Popup, 34)
Batting: LHB John Brewer 0-0: Ball
1-0: Fly out, F7 (Flyball, 7LM)
Batting: RHB Makoto Kato 0-0: Called Strike
0-1: Foul Ball, location: 2F
0-2: Ground out 6-3 (Groundball, 6)
Top of the 6th over - 0 run(s), 0 hit(s), 0 error(s), 0 left on base; Thunder Bay 3 - Kingston Township 1
BOTTOM OF THE 6TH
Kingston Township Legion 9 batting - Pitching for Thunder Bay Northern Lions BC : RHP Makoto Kato
Batting: LHB John Holbrook 0-0: Called Strike
0-1: Ball
1-1: Foul Ball, location: 2F
1-2: Fly out, F9 (Flyball, 89XD)
Batting: SHB Javier Ramos 0-0: Fly out, F3 (Popup, 34)
Batting: LHB Wayne Harrison 0-0: Ball
1-0: SINGLE (Groundball, 3L)
Batting: LHB Royce Smith 0-0: Called Strike
0-1: Ball
1-1: Ground out 3-1 (Groundball, 3)
Bottom of the 6th over - 0 run(s), 1 hit(s), 0 error(s), 1 left on base; Thunder Bay 3 - Kingston Township 1
TOP OF THE 7TH
Thunder Bay Northern Lions BC batting - Pitching for Kingston Township Legion 9 : RHP Bartolo González
Batting: SHB Arnold Griffith 0-0: Ball
1-0: Foul Ball, location: 2F
1-1: Ball
2-1: Ball
3-1: Called Strike
3-2: Base on Balls
Batting: LHB David Smith 0-0: Ball
1-0: Grounds into double play, 1-4-3 (Groundball, 13)
Batting: RHB Duncan Thomas 0-0: Called Strike
0-1: Ball
1-1: SINGLE (Line Drive, 4M)
Batting: LHB Theodore Shaw 0-0: Ball
1-0: Called Strike
1-1: Ball
2-1: Ball
3-1: SINGLE (Flyball, 8LS)
Duncan Thomas to second
Batting: RHB Keith Burnett 0-0: Called Strike
0-1: Ball
1-1: Called Strike
1-2: Ball
2-2: Foul Ball, location: 2F
2-2: Ball
Wild Pitch!
Duncan Thomas to third
Theodore Shaw to second
3-2: Intentional Walk
Pitching: LHP Kamal Bataille
Now at C: Ricardo Rentería
Batting: RHB Vernon Caw 0-0: Swinging Strike
0-1: Ground out 5-3 (Groundball, 56S)
Top of the 7th over - 0 run(s), 2 hit(s), 0 error(s), 3 left on base; Thunder Bay 3 - Kingston Township 1
BOTTOM OF THE 7TH
Kingston Township Legion 9 batting - Pitching for Thunder Bay Northern Lions BC : RHP Makoto Kato
Batting: SHB Ricardo Rentería 0-0: Called Strike
0-1: Swinging Strike
0-2: Strikes out looking
Batting: RHB António Varela 0-0: Swinging Strike
0-1: Called Strike
0-2: Ball
1-2: Strikes out swinging
Batting: RHB Juan López 0-0: Ball
1-0: Foul Ball, location: 2F
1-1: Called Strike
1-2: Strikes out looking
Bottom of the 7th over - 0 run(s), 0 hit(s), 0 error(s), 0 left on base; Thunder Bay 3 - Kingston Township 1
TOP OF THE 8TH
Thunder Bay Northern Lions BC batting - Pitching for Kingston Township Legion 9 : LHP Kamal Bataille
Batting: RHB Jason Wise 0-0: Called Strike
0-1: Called Strike
0-2: Ball
1-2: Ball
2-2: Foul Ball, location: 2F
2-2: Ball
3-2: Foul Ball, location: 2F
3-2: Ground out 5-3 (Groundball, 5)
Batting: LHB John Brewer 0-0: Called Strike
0-1: Swinging Strike
0-2: Strikes out looking
Pinch Hitting: RHB Bob Narváiz 0-0: Swinging Strike
0-1: Called Strike
0-2: Ball
1-2: Ball
2-2: Ball
3-2: Foul Ball, location: 2F
3-2: Strikes out looking
Top of the 8th over - 0 run(s), 0 hit(s), 0 error(s), 0 left on base; Thunder Bay 3 - Kingston Township 1
BOTTOM OF THE 8TH
Kingston Township Legion 9 batting - Pitching for Thunder Bay Northern Lions BC : RHP Makoto Kato
Pitching: LHP Austin Brown
Batting: LHB Clay Rush 0-0: Ball
1-0: Fly out, F8 (Flyball, 8RM)
Batting: RHB Akihiko Oike 0-0: Ball
1-0: Foul Ball, location: 2F
1-1: Ball
2-1: Foul Ball, location: 2F
2-2: Ball
3-2: Strikes out looking
Batting: LHB John Holbrook 0-0: Ball
1-0: Called Strike
1-1: Foul Ball, location: 2F
1-2: Strikes out looking
Bottom of the 8th over - 0 run(s), 0 hit(s), 0 error(s), 0 left on base; Thunder Bay 3 - Kingston Township 1
TOP OF THE 9TH
Thunder Bay Northern Lions BC batting - Pitching for Kingston Township Legion 9 : LHP Kamal Bataille
Batting: SHB Arnold Griffith 0-0: Hit by Pitch
Batting: LHB David Smith 0-0: Ball
1-0: Called Strike
1-1: Foul Ball, location: 2F
1-2: Foul Ball, location: 2F
1-2: Foul Ball, location: 2F
1-2: Ball
2-2: Strikes out swinging
Batting: RHB Duncan Thomas 0-0: Ball
1-0: Swinging Strike
1-1: Foul Ball, location: 2F
1-2: SINGLE (Groundball, 4D) (infield hit)
Arnold Griffith to second
Pitching: RHP Manuel Batista
Now in CF: Tim Eldridge
Batting: LHB Theodore Shaw 0-0: Called Strike
0-1: Called Strike
0-2: Strikes out swinging
Batting: RHB Keith Burnett 0-0: Ball
1-0: Ball
2-0: Swinging Strike
2-1: Swinging Strike
2-2: Fly out, F9 (Line Drive, 9S)
Top of the 9th over - 0 run(s), 1 hit(s), 0 error(s), 2 left on base; Thunder Bay 3 - Kingston Township 1
BOTTOM OF THE 9TH
Kingston Township Legion 9 batting - Pitching for Thunder Bay Northern Lions BC : LHP Austin Brown
Pitching: LHP Jake O'Tomalty
Batting: SHB Tim Eldridge 0-0: Ball
1-0: Foul Ball, location: 2F
1-1: Ball
2-1: Ground out 6-3 (Groundball, 6)
Batting: LHB Wayne Harrison 0-0: Ball
1-0: Called Strike
1-1: Ball
2-1: Called Strike
2-2: Ball
3-2: Strikes out swinging
Batting: LHB Royce Smith 0-0: Called Strike
0-1: Ball
1-1: Foul Ball, location: 2F
1-2: Ball
2-2: Ball
3-2: Foul Ball, location: 2F
3-2: Reached on Error, E9 (Flyball, 89S)
Batting: SHB Ricardo Rentería 0-0: Ball
1-0: Fly out, F9 (Flyball, 9M)
Bottom of the 9th over - 0 run(s), 0 hit(s), 1 error(s), 1 left on base; Thunder Bay 3 - Kingston Township 1
This league is powered by Out of the Park Baseball, the baseball management simulation game for PC, Mac and Linux
Monday, May 4th, 2015 - OOTP Baseball 15.6 Build 34